 Dungeon Crawl Stone Soup version 0.31-a0-115-g4708a659fe (webtiles) character file.

Game seed: 16297663274489150948

29 ZeroWinrate the Magician (level 3, 0/25 HPs)
             Began as a Demonspawn Hedge Wizard on May 29, 2023.
             Slain by a gnoll
             ... wielding a +0 flail
              (12 damage)
             ... on level 2 of the Dungeon.
             The game lasted 00:04:46 (1343 turns).

ZeroWinrate the Magician (Demonspawn Hedge Wizard)  Turns: 1343, Time: 00:04:46

Health: 0/25       AC:  2    Str: 10    XL:     3   Next: 1%
Magic:  7/7        EV: 14    Int: 17    God:
Gold:   78         SH:  0    Dex: 12    Spells: 0/8 levels left

rFire   . . .        g - +0 whip (elec)
rCold   . . .        (no shield)
rNeg    . . .        b - +0 robe
rPois   .            c - +0 hat
rElec   .            (no cloak)
rCorr   .            (no gloves)
SInv    .            (no boots)
Will    .....        (no amulet)
Stlth   ++           (no ring)
HPRegen 0.24/turn    (no ring)
MPRegen 0.10/turn

%: no passive effects
@: no status effects
A: repulsion field 1
a: no special abilities


You were on level 2 of the Dungeon.
You visited 1 branch of the dungeon, and saw 2 of its levels.

You collected 78 gold pieces.

Inventory:

Hand Weapons
 a - a +0 dagger
 f - a +2 heavy mace
 g - a +0 whip of electrocution (weapon)
Armour
 b - a +0 robe (worn)
 c - a +0 hat (worn)
 h - a +0 tower shield
Scrolls
 j - a scroll of identify
 k - a scroll of fog {unknown}
Potions
 d - a potion of magic
 e - a potion of brilliance
 i - a potion of berserk rage {unknown}


   Skills:
 + Level 0.8 Fighting
 - Level 1.7 Dodging
 - Level 1.7 Stealth
 + Level 3.2 Spellcasting
 + Level 1.8 Conjurations
 - Level 1.0 Summonings
 + Level 0.0 Necromancy
 - Level 1.4 Translocations


You couldn't memorise any spells.
You knew the following spells:

 Your Spells              Type           Power      Damage    Failure   Level
a - Magic Dart            Conj           32%        1d4       9%          1
b - Slow                  Hex            8%         N/A       17%         1
c - Blink                 Tloc           14%        N/A       14%         2
d - Call Imp              Summ           12%        N/A       17%         2
e - Cigotuvi's Dreadful   Necr/Pois/Air  4%         N/A       26%         2

Your spell library contained the following spells:

 Spells                   Type           Power      Damage    Failure   Level
 Mephitic Cloud           Conj/Pois/Air  4%         N/A       36%         3


Dungeon Overview and Level Annotations

Branches:
Dungeon (2/15)

Altars:


Innate Abilities, Weirdness & Mutations

You are surrounded by a mild repulsion field. (EV +2)


Message History

There is a stone staircase leading up here.
You climb upwards.
There is a stone staircase leading down here.
This spell is quite dangerous to cast!
Memorise Cigotuvi's Dreadful Rot, consuming 2 spell levels and leaving 0?
You start memorising the spell.
You continue memorising. x2
You finish memorising.
Spell assigned to 'e'.
Magic restored.
HP restored.
Done exploring.
Done exploring.
Done exploring.
Done exploring.
There is a stone staircase leading down here.
You climb downwards.
There is a stone staircase leading up here.
A frilled lizard comes into view.
A frilled lizard is nearby!
A frilled lizard is nearby!
A frilled lizard is nearby!
Found an escape hatch in the ceiling.
The frilled lizard hisses angrily.
The frilled lizard misses you.
You miss the frilled lizard. The frilled lizard closely misses you.
You hit the frilled lizard.
Lightning courses through the frilled lizard!
You kill the frilled lizard!
No target in view!
Found a stone staircase leading up.
There is an escape hatch in the ceiling here.
A gnoll is nearby!
A gnoll is nearby!
The gnoll shouts! x2
The gnoll hits you with a +0 whip!
You closely miss the gnoll. The gnoll hits you with a +0 whip!
You are too injured to fight recklessly!
The gnoll attacks as you move away! The gnoll closely misses you.
The gnoll attacks as you move away! The gnoll misses you.
The gnoll attacks as you move away! The gnoll hits you with a +0 flail!
You die...

########## #.........
############
########.#######.
#..........###...<........#
#.
#.#####.........#####.###.#
#< #.# #.##.#.....#
#.###.###. #.# #.##.##...##
#......... #.# #.##.<....#
#####.#### #.# #.#####@..#
#.# #.#####†....g..## #.#
#.##....†..g##+## #.#
#.##.######.#...## ..#
#>......###......# ###
####......g.......#
######...#g##.........
............g.........
######.g.####.........


You could see 2 gnolls.

Vanquished Creatures
  2 bats (D:1)
  4 endoplasms (D:1)
  3 giant cockroaches (D:1)
  3 hobgoblins
  2 kobolds (D:1)
  3 quokkas (D:1)
  A ball python (D:1)
  4 frilled lizards
  A goblin (D:1)
  A rat (D:1)
24 creatures vanquished.

Vanquished Creatures (collateral kills)
  A goblin (D:1)
1 creature vanquished.

Grand Total: 25 creatures vanquished

Notes
Turn   | Place    | Note
-------+----------+-------------------------------------------
     0 | D:1      | ZeroWinrate the Demonspawn Hedge Wizard began the quest for
                  | the Orb.
     0 | D:1      | Reached XP level 1. HP: 13/13 MP: 4/4
    66 | D:1      | Reached skill level 1 in Translocations
   560 | D:1      | Gained mutation: You are surrounded by a mild repulsion
                  | field. (EV +2) [demonic ancestry]
   560 | D:1      | Reached XP level 2. HP: 9/19 MP: 6/6
   622 | D:1      | Learned a level 1 spell: Slow
   625 | D:1      | Learned a level 2 spell: Blink
   628 | D:1      | Learned a level 2 spell: Call Imp
  1038 | D:1      | Found a faded altar of an unknown god.
  1221 | D:2      | Reached XP level 3. HP: 23/25 MP: 7/7
  1248 | D:1      | Learned a level 2 spell: Cigotuvi's Dreadful Rot
  1343 | D:2      | Slain by a gnoll

Illustrated notes

Levels and vault maps discovered:
D:1:      lightli_arrival_isolated_outpost, layout_basic,
          shapermc_ecumenical_altar_acropolis, hangedman_abyss_or_decor_stabs,
          minmay_octomino_c4
D:2:      layout_loops_corners, guppyfry_early_lair_pool, uniq_jessica

Skill      XL: |  1 |
---------------+----+-----
Translocations | 1 |  1.4
Fighting       | |  0.8
Dodging        | |  1.7
Stealth        | |  1.7
Spellcasting   | |  3.2
Conjurations   | |  1.8
Summonings     | |  1.0

Action                     || total
---------------------------++-------
  Melee: Mace              ||    10
         Whip              ||    35
   Cast: Magic Dart        ||    20
         Call Imp          ||     3
         Blink             ||     1
    Use: Scroll            ||     1
 Armour: Robe              ||     8
  Dodge: Dodged            ||    47
  Block: Tower shield      ||    24

Table legend: (Time is in decaauts)
 A = Elapsed time spent in this place.
 B = Non-inter-level travel time spent in this place.
 C = Inter-level travel time spent in this place.
 D = Time resting spent in this place.
 E = Time spent auto-exploring this place.
 F = Levels seen in this place.
 G = Mean time per level.
                   A        B        C        D        E       F      G
               +--------+--------+--------+--------+--------+-----+--------+
         Total |   1370 |   1328 |     42 |    124 |    913 |   2 |  685.0 |
       Dungeon |   1370 |   1328 |     42 |    124 |    913 |   2 |  685.0 |
               +--------+--------+--------+--------+--------+-----+--------+

Top non-repeatable levels by time:
     D:1: 1265 daAuts
     D:2: 105 daAuts
